 Dungeon Crawl Stone Soup version 0.27.1-1-g398f81649c (webtiles) character file.

Game seed: 14869295423541958268

63 Rickety the Magician (level 3, -3/19 HPs)
             Began as a Deep Elf Hedge Wizard on Sept 21, 2021.
             Killed from afar by Natasha (8 damage)
             ... with a puff of flame
             ... on level 2 of the Dungeon.
             The game lasted 00:06:07 (2369 turns).

Rickety the Magician (Deep Elf Hedge Wizard)        Turns: 2369, Time: 00:06:07

Health: -3/19      AC:  2    Str:  7    XL:     3   Next: 89%
Magic:  11/12      EV: 12    Int: 19    God:
Gold:   86         SH:  0    Dex: 14    Spells: 7/13 levels left

rFire    . . .     SeeInvis .   a - +0 dagger
rCold    . . .     Faith    .   (no shield)
rNeg     . . .     Spirit   .   b - +0 robe
rPois    .         Reflect  .   c - +0 hat
rElec    .         Harm     .   (no cloak)
rCorr    .         Rampage  .   (no gloves)
Will     .....                  (no boots)
Stlth    ++........             (no amulet)
HPRegen  0.06/turn              (no ring)
MPRegen  0.13/turn              (no ring)

@: no status effects
A: no striking features
a: no special abilities


You were on level 2 of the Dungeon.
You visited 1 branch of the dungeon, and saw 2 of its levels.

You collected 86 gold pieces.

Inventory:

Hand Weapons
 a - a +0 dagger (weapon)
Armour
 b - a +0 robe (worn)
 c - a +0 hat (worn)
Scrolls
 d - 2 scrolls of identify {unknown}
 e - a scroll of vulnerability {unknown}
 f - a scroll of immolation {unknown}
 g - 2 scrolls of torment {unknown}
 h - 2 scrolls of teleportation {unknown}
 i - a scroll of enchant weapon {unknown}
 j - a scroll of fog {unknown}
 k - a scroll of noise {unknown}


   Skills:
 + Level 0.2 Fighting
 + Level 2.8 Dodging
 + Level 3.4 Stealth
 + Level 5.5 Spellcasting
 + Level 1.4 Conjurations
 + Level 1.4 Summonings
 + Level 1.2 Translocations


You had 7 spell levels left.
You knew the following spells:

 Your Spells              Type           Power      Damage    Failure   Level
a - Magic Dart            Conj           40%        1d5       7%          1
c - Call Imp              Summ           10%        N/A       10%         2
m - Mephitic Cloud        Conj/Pois/Air  7%         N/A       28%         3

Your spell library contained the following spells:

 Spells                   Type           Power      Damage    Failure   Level
 Blink                    Tloc           N/A        N/A       11%         2
 Slow                     Hex            5%         N/A       19%         2
 Conjure Flame            Conj/Fire      7%         6-21      26%         3


Dungeon Overview and Level Annotations

Branches:
Dungeon (2/15)

Altars:

Annotations:
D:2 Natasha


Message History

Orders for allies: a - Attack new target. r - Retreat! s - Stop attacking. g - Guard the area. f - Follow me.
Anything else - Cancel.
Gang up on whom?
Press: ? - help, Dir - move target, f - iron imp
Aim: an iron imp (summoned) Attack!
Natasha howls an incantation.
You feel troubled.
Your crimson imp hits the iron imp.
Natasha barely misses your crimson imp.
Your crimson imp blinks!
Natasha zaps a wand.
The puff of flame misses you. The iron imp barely misses you.
What are your orders? t - Shout!
Orders for allies: a - Attack new target. p - Attack previous target. r - Retreat! s - Stop attacking. g - Guard the area. f - Follow me.
Anything else - Cancel.
Gang up on whom?
Press: ? - help, Dir - move target, f/p - iron imp
Aim: an iron imp (lightly wounded, summoned, ally target) Attack!
What are your orders? t - Shout!
Orders for allies: a - Attack new target. p - Attack previous target. r - Retreat! s - Stop attacking. g - Guard the area. f - Follow me.
Anything else - Cancel.
Gang up on whom?
Press: ? - help, Dir - move target, f - Natasha, p - iron imp
Aim: Natasha, carrying a wand of flame (11) Attack!
The iron imp hits you. The iron imp closely misses you. Natasha claws you.
The iron imp hits you.
* * * LOW HITPOINT WARNING * * *
Your crimson imp blinks!
Natasha zaps a wand.
The puff of flame hits you!
You die...

....... #....... ..........
#........... .......
#....>..............
#......#............###
#......#.##............
##.....)#..#............
##########.......................
.....<........#.@................
......####..###...h..............
.....## ## #..<5.5............
..... #.................. .....
###...........#...... .....
#(............#...... .....
#.#†######........... ##.##
#..#.# #.###....... ... #†#
#..###.......


You could see an iron imp (summoned), Natasha (ally target) and a friendly
crimson imp (summoned).

Vanquished Creatures
  2 ball pythons (D:2)
  8 endoplasms
  2 giant cockroaches
  3 hobgoblins
  2 quokkas (D:1)
  2 bats (D:1)
  3 frilled lizards
  5 goblins (D:1)
  2 kobolds
  4 rats
33 creatures vanquished.

Vanquished Creatures (collateral kills)
  Natasha (D:2)
  3 worms (D:2)
  3 jackals (D:2)
  A quokka (D:2)
  A ball python (D:2)
9 creatures vanquished.

Grand Total: 42 creatures vanquished

Notes
Turn   | Place    | Note
-------+----------+-------------------------------------------
     0 | D:1      | Rickety the Deep Elf Hedge Wizard began the quest for the
                  | Orb.
     0 | D:1      | Reached XP level 1. HP: 10/10 MP: 7/7
   315 | D:1      | Reached XP level 2. HP: 15/15 MP: 9/9
   318 | D:1      | Learned a level 2 spell: Call Imp
   397 | D:1      | Found a faded altar of an unknown god.
   618 | D:1      | Reached skill level 5 in Spellcasting
  1211 | D:2      | Reached XP level 3. HP: 19/19 MP: 11/11
  1215 | D:2      | Learned a level 3 spell: Mephitic Cloud
  2256 | D:2      | Noticed Natasha
  2264 | D:2      | Killed Natasha
  2359 | D:2      | Noticed Natasha
  2369 | D:2      | Killed from afar by Natasha

Illustrated notes

Levels and vault maps discovered:
D:1:      mainiacjoe_arrival_reflecting_pool, layout_basic,
          hellmonk_ecumenical_altar_arch_garden, grunt_decor_mini_mirrors,
          minmay_misc_feat_tiny
D:2:      layout_rooms, uniq_natasha

Skill      XL: |  1  2 |
---------------+-------+-----
Spellcasting   | 5 |  5.5
Stealth        | 3 |  3.4
Fighting       | |  0.2
Dodging        | |  2.8
Conjurations   | |  1.4
Summonings     | |  1.4
Translocations | |  1.2

Action                   || total
-------------------------++-------
Melee: Dagger            ||    24
 Cast: Magic Dart        ||    74
       Call Imp          ||    10
 Stab: Sleeping          ||    11
Armor: Robe              ||    14
Dodge: Dodged            ||    41
